 Dungeon Crawl Stone Soup version 0.24.0-123-gd5b16e6ec5 (webtiles) character file.

Game seed: 6615238700072195112, levelgen mode: deterministic

1426 FishyPogo the Charmwright (level 8, -8/64 HPs)
             Began as a Gnoll Skald on Jan 3, 2020.
             Was a Believer of Ru.
             Mangled by an orc warrior
             ... wielding a +0 trident
              (18 damage)
             ... on level 6 of the Dungeon.
             The game lasted 00:12:12 (3214 turns).

FishyPogo the Charmwright (Gnoll Skald)             Turns: 3214, Time: 00:12:13

Health: -8/64      AC:  4    Str: 15    XL:     8   Next: 72%
Magic:  10/17      EV: 15    Int: 16    God:    Ru [**....]
Gold:   179        SH:  5    Dex: 15    Spells: 8/19 levels left

rFire    + . .     SeeInvis +   a - +3 short sword
rCold    + + .     Gourm    .   o - +0 buckler
rNeg     . . .     Faith    .   L - +2 robe {rC+ rF+}
rPois    .         Spirit   .   (no helmet)
rElec    .         Reflect  .   (no cloak)
rCorr    .         Harm     .   (no gloves)
MR       .....                  (no boots)
Stlth    ..........             (no amulet)
HPRegen  0.20/turn              G - ring of see invisible
MPRegen  0.15/turn              A - ring of protection from cold

@: no status effects
A: distributed training, fangs 1, no stealth, inexperienced 1, strong nose
a: Renounce Religion


You were on level 6 of the Dungeon.
You worshipped Ru.
Ru was pleased with you.
You were hungry.

You visited 1 branch of the dungeon, and saw 6 of its levels.

You collected 179 gold pieces.

Inventory:

Hand Weapons
 a - a +3 short sword (weapon)
 t - a +1 whip of venom
 v - a +2 mace of crushing
 z - a +0 mace of venom
 C - a +2 vampiric war axe
Missiles
 e - 47 poisoned darts
 g - 158 stones
 h - 4 javelins
 x - 6 atropa-tipped darts (quivered)
 F - 7 boomerangs
Armour
 b - a +0 leather armour
 o - a +0 buckler (worn)
 L - a +2 robe of resistance (worn)
Jewellery
 A - a ring of protection from cold (right hand)
 G - a ring of see invisible (left hand)
Wands
 y - a wand of disintegration (5)
 B - a wand of iceblast (6)
 E - a wand of random effects (11)
 H - a wand of acid (7)
Scrolls
 i - 5 scrolls of identify {unknown}
 j - a scroll of magic mapping {unknown}
 l - 3 scrolls of teleportation {unknown}
 n - a scroll of remove curse {unknown}
 p - 2 scrolls of enchant weapon {unknown}
 r - a scroll of enchant armour {unknown}
 s - 2 scrolls of fear {unknown}
 w - 2 scrolls of fog {unknown}
Potions
 c - a potion of mutation {unknown}
 f - a potion of degeneration {unknown}
 k - a potion of agility {unknown}
 m - a potion of heal wounds
 q - a potion of cancellation
 u - 3 potions of curing
 D - 2 potions of lignification
 I - a potion of flight {unknown}
 K - a potion of resistance {unknown}
 M - a potion of berserk rage {unknown}
Comestibles
 d - 14 rations
 J - 12 chunks of flesh


   Skills:
 + Level 5.8 Fighting
 + Level 5.8 Short Blades
 + Level 3.5 Long Blades
 + Level 3.5 Axes
 + Level 3.5 Maces & Flails
 + Level 3.5 Polearms
 + Level 3.5 Staves
 + Level 3.5 Slings
 + Level 3.5 Bows
 + Level 3.5 Crossbows
 + Level 3.5 Throwing
 + Level 4.4 Armour
 + Level 5.8 Dodging
   Level 0.0 Stealth
 + Level 3.5 Shields
 + Level 3.5 Unarmed Combat
 + Level 6.2 Spellcasting
 + Level 2.9 Conjurations
 + Level 2.9 Hexes
 + Level 6.2 Charms
 + Level 2.9 Summonings
 + Level 2.9 Necromancy
 + Level 2.9 Translocations
 + Level 2.9 Transmutations
 + Level 2.9 Fire Magic
 + Level 2.9 Ice Magic
 + Level 2.9 Air Magic
 + Level 2.9 Earth Magic
 + Level 2.9 Poison Magic
 + Level 3.9 Invocations
 + Level 3.5 Evocations


You had 8 spell levels left.
You knew the following spells:

 Your Spells              Type           Power        Failure   Level  Hunger
h - Regeneration          Chrm/Necr      ###.......   6%          3    ##.....
n - Spectral Weapon       Hex/Chrm       ###.....     6%          3    ##.....
p - Shroud of Golubria    Chrm/Tloc      ###...       3%          2    #......
u - Song of Slaying       Chrm           ####....     1%          2    #......
y - Infusion              Chrm           ####         1%          1    None

Your spell library contained the following spells:

 Spells                   Type           Power        Failure   Level  Hunger


Dungeon Overview and Level Annotations

Branches:
Dungeon (6/15)
 Temple: D:4-7

Altars:
Elyvilon
Fedhas
Makhleb
Nemelex Xobeh
Ru
Trog
Uskayaw
Vehumet

Shops:
D:4 !

Annotations:
D:6 Prince Ribbit


Innate Abilities, Weirdness & Mutations

Your experience applies equally to all skills.
You have very sharp teeth.
You cannot be stealthy.
You are somewhat inexperienced. (-2 XL)
Your uncanny sense of smell can sniff out nearby items.


Message History

2 arrows; a cursed -2 dagger; a +0 robe You hit the orc warrior.
The orc warrior is severely wounded.
Your spectral weapon hits the orc warrior.
You redirect the centaur's attack!
The centaur shoots an arrow.
The orc priest hits you with a +0 hand axe of flaming.
* * * LOW HITPOINT WARNING * * *
The orc priest burns you.
* * * LOW HITPOINT WARNING * * *
Unknown command.
You hit the orc warrior. Your bite misses the orc warrior.
The orc warrior is almost dead.
Your spectral weapon hits the orc warrior.
The centaur shoots an arrow.
The arrow barely misses you. The arrow hits your spectral weapon!
Your spectral weapon shares its damage with you!
* * * LOW HITPOINT WARNING * * *
The orc warrior hits you with a +0 trident!!
You die...

####..##.###......##. #<#
.............#...... #.#
.###.#.#..##.###..### #.#
.##..#...#..........###.######.##
.................................
......................<.######.##
........##..........c.###
.................(.(#...#
.<.............(@####.#.#
[..............$oo..."....
).................>........
#..).........................
##...###............)..! .###
.#...# ##................o.
.##..# ##...#.......... ..#..#
#######........ ..#..#


You could see an orc warrior, a centaur, an orc priest and a friendly spectral
+3 short sword.

Vanquished Creatures
  Menkaure (D:6)
  A sky beast (D:5)
  2 phantoms
  A centaur (D:6)
  3 ogres
  A scorpion (D:6)
  2 howler monkeys (D:4)
  2 crimson imps
  2 hounds (D:5)
  3 orc priests
  2 centaur skeletons
  An iguana (D:4)
  4 orc wizards (D:6)
  2 worker ants
  A worker ant zombie (D:3)
  7 adders
  4 gnolls (D:2)
  4 oozes
  An adder skeleton (D:4)
  3 worms
  A dart slug (D:1)
  16 orcs
  6 giant cockroaches
  11 goblins
  6 hobgoblins
  2 jackals (D:4)
  3 quokkas
  2 ball python skeletons
  5 bats
  2 frilled lizards
  6 kobolds
  A quokka skeleton (D:4)
  7 rats
115 creatures vanquished.

Vanquished Creatures (others)
  An orc wizard (D:6)
  A killer bee zombie (D:6)
  2 orcs (D:6)
4 creatures vanquished.

Grand Total: 119 creatures vanquished

Notes
Turn   | Place    | Note
-------+----------+-------------------------------------------
     0 | D:1      | FishyPogo the Gnoll Skald began the quest for the Orb.
     0 | D:1      | Reached XP level 1. HP: 20/20 MP: 6/6
    40 | D:1      | Reached XP level 2. HP: 25/26 MP: 7/7
    44 | D:1      | Learned a level 2 spell: Song of Slaying
    47 | D:1      | Learned a level 2 spell: Shroud of Golubria
   173 | D:1      | Reached XP level 3. HP: 15/31 MP: 9/9
   178 | D:1      | Learned a level 3 spell: Regeneration
   182 | D:1      | Learned a level 3 spell: Spectral Weapon
   230 | D:1      | Reached skill level 5 in Spellcasting
   332 | D:2      | Found a sacrificial altar of Ru.
   353 | D:2      | Became a worshipper of Ru the Awakened
   541 | D:2      | Found a bloodstained altar of Trog.
   589 | D:2      | Reached skill level 1 in Invocations
   855 | D:2      | Reached skill level 1 in Long Blades
   855 | D:2      | Reached skill level 1 in Axes
   855 | D:2      | Reached skill level 1 in Maces & Flails
   855 | D:2      | Reached skill level 1 in Polearms
   855 | D:2      | Reached skill level 1 in Staves
   855 | D:2      | Reached skill level 1 in Slings
   855 | D:2      | Reached skill level 1 in Bows
   855 | D:2      | Reached skill level 1 in Crossbows
   855 | D:2      | Reached skill level 1 in Throwing
   855 | D:2      | Reached skill level 1 in Stealth
   855 | D:2      | Reached skill level 1 in Shields
   855 | D:2      | Reached skill level 1 in Unarmed Combat
   855 | D:2      | Reached skill level 1 in Evocations
   857 | D:2      | Reached XP level 4. HP: 38/38 MP: 1/11
  1054 | D:3      | Reached skill level 1 in Conjurations
  1054 | D:3      | Reached skill level 1 in Hexes
  1054 | D:3      | Reached skill level 1 in Summonings
  1054 | D:3      | Reached skill level 1 in Necromancy
  1054 | D:3      | Reached skill level 1 in Translocations
  1054 | D:3      | Reached skill level 1 in Transmutations
  1054 | D:3      | Reached skill level 1 in Fire Magic
  1054 | D:3      | Reached skill level 1 in Ice Magic
  1054 | D:3      | Reached skill level 1 in Air Magic
  1054 | D:3      | Reached skill level 1 in Earth Magic
  1054 | D:3      | Reached skill level 1 in Poison Magic
  1079 | D:3      | Found a hide-covered altar of Uskayaw.
  1141 | D:3      | Reached XP level 5. HP: 20/43 MP: 6/12
  1213 | D:3      | Found a white marble altar of Elyvilon.
  1225 | D:3      | Found a white marble altar of Elyvilon.
  1240 | D:3      | Gained mutation: You are somewhat inexperienced. (-2 XL)
                  | [Ru sacrifice]
  1240 | D:3      | Reached XP level 4. HP: 38/38 MP: 7/11
  1240 | D:3      | Reached XP level 3. HP: 31/31 MP: 7/9
  1240 | D:3      | Reached * piety under Ru
  1240 | D:3      | Reached ** piety under Ru
  1757 | D:4      | Noticed an ogre
  1777 | D:3      | Reached XP level 4. HP: 34/38 MP: 11/11
  1903 | D:4      | Reached XP level 5. HP: 31/43 MP: 7/12
  2141 | D:4      | Noticed a phantom
  2168 | D:4      | Killed a phantom
  2168 | D:4      | Reached skill level 5 in Fighting
  2168 | D:4      | Reached skill level 5 in Short Blades
  2168 | D:4      | Reached skill level 5 in Dodging
  2168 | D:4      | Reached XP level 6. HP: 37/51 MP: 8/14
  2292 | D:4      | Reached XP level 7. HP: 52/56 MP: 9/15
  2294 | D:4      | Found Buzov's Distillery.
  2353 | D:4      | Found a blossoming altar of Fedhas.
  2435 | D:5      | Entered Level 5 of the Dungeon
  2583 | D:5      | Found a sparkling altar of Nemelex Xobeh.
  2739 | D:5      | Reached XP level 8. HP: 56/63 MP: 5/16
  2772 | D:5      | Found a burning altar of Makhleb.
  2962 | D:6      | Noticed Prince Ribbit
  3052 | D:6      | Gained mutation: You cannot be stealthy. [Ru sacrifice]
  3171 | D:6      | Found a radiant altar of Vehumet.
  3187 | D:6      | Noticed Menkaure
  3208 | D:6      | Killed Menkaure
  3214 | D:6      | Mangled by an orc warrior

Levels and vault maps discovered:
D:1:      dpeg_arrival_tiny_f, layout_rooms
D:2:      layout_rooms, hangedman_ru_absence, first_ration, fountainhead,
          minmay_misc_feat_tower, chequers_serial_rivers_micro_a, bloody_trog
D:3:      layout_loops_ring, lemuel_crystal_altar,
          eat_drink_and_be_merry_uskayaw, dk_vineyard_1, elyvilon_altar_5
D:4:      layout_loops_cross, serial_shops, shop, fedhas_altar_fruit_tree
D:5:      layout_rooms, nemelex_altar_shiori, makhleb_heckhound_becter
D:6:      layout_rooms, fiery_altar_vehumet, minmay_misc_feat_iff,
          wad_floor_pattern_1, uniq_prince_ribbit1, uniq_menkaure

Skill      XL: |  1  2  3  4  5  6  7  8 |
---------------+-------------------------+-----
Spellcasting   | 5 6 |  6.2
Invocations    | 1 2 3 |  3.9
Long Blades    | 1 2 3 |  3.5
Axes           | 1 2 3 |  3.5
Maces & Flails | 1 2 3 |  3.5
Polearms       | 1 2 3 |  3.5
Staves         | 1 2 3 |  3.5
Slings         | 1 2 3 |  3.5
Bows           | 1 2 3 |  3.5
Crossbows      | 1 2 3 |  3.5
Throwing       | 1 2 3 |  3.5
Stealth        | 1 2 0 |  0.0
Shields        | 1 2 3 |  3.5
Unarmed Combat | 1 2 3 |  3.5
Evocations     | 1 2 3 |  3.5
Conjurations   | 1 2 |  2.9
Hexes          | 1 2 |  2.9
Summonings     | 1 2 |  2.9
Necromancy     | 1 2 |  2.9
Translocations | 1 2 |  2.9
Transmutations | 1 2 |  2.9
Fire Magic     | 1 2 |  2.9
Ice Magic      | 1 2 |  2.9
Air Magic      | 1 2 |  2.9
Earth Magic    | 1 2 |  2.9
Poison Magic   | 1 2 |  2.9
Armour         | 3 4 |  4.4
Fighting       | 5 |  5.8
Short Blades   | 5 |  5.8
Dodging        | 5 |  5.8
Charms         | 6 |  6.2

Action                   |  1- 3 |  4- 6 |  7- 9 || total
-------------------------+-------+-------+-------++-------
Melee: Short sword       |   137 |   134 |   138 ||   409
       Bite              |    14 |    14 |    20 ||    48
       Punch             |       |       |     2 ||     2
Throw: Dart              |     1 |       |     1 ||     2
       Stone             |       |     5 |     3 ||     8
 Cast: Shroud of Golubri |     7 |    10 |    10 ||    27
       Spectral Weapon   |     4 |     7 |    13 ||    24
       Regeneration      |     1 |     3 |     3 ||     7
       Song of Slaying   |       |     1 |     3 ||     4
       Infusion          |       |     1 |     3 ||     4
Invok: Sacrifice Experie |     1 |       |       ||     1
       Sacrifice Stealth |       |       |     1 ||     1
  Use: Potion            |       |       |     6 ||     6
 Stab: Sleeping          |     4 |       |     1 ||     5
       Distracted        |       |     1 |     1 ||     2
  Eat: Chunk             |     2 |     3 |     5 ||    10
Armor: Leather armour    |    20 |     9 |    11 ||    40
       Skin              |       |       |     5 ||     5
Dodge: Dodged            |    83 |    71 |    80 ||   234
Block: Buckler           |       |       |     4 ||     4
